 Dungeon Crawl Stone Soup version 0.30-b1-2-g02819fbbbe (webtiles) character file.

Game seed: 12902700059998569697

22666 qborf the Jinx (level 13, -4/101 HPs)
             Began as a Formicid Enchanter on May 14, 2023.
             Was the Champion of Cheibriados.
             Slain by a minotaur
             ... wielding a +0 quarterstaff of speed
              (7 damage)
             ... in a Gauntlet.
             The game lasted 00:43:01 (17329 turns).

qborf the Jinx (Formicid Enchanter)                Turns: 17329, Time: 00:43:02

Health: -4/101     AC: 10    Str: 39    XL:     13   Next: 29%
Magic:  22/25      EV: 13    Int: 35    God:    Cheibriados [******]
Gold:   152        SH:  8    Dex: 32    Spells: 16/29 levels left

rFire   . . .        a - +4 dagger
rCold   + + .        p - +0 buckler
rNeg    . . .        K - +0 troll leather armour
rPois   .            (helmet unavailable)
rElec   +            i - +0 cloak
rCorr   .            V - +2 pair of gloves {Dex+3}
SInv    +            s - +0 pair of boots "Quhux" {Regen+}
Will    ++...        U - amulet of Starshine {rElec rC+ Regen+}
Stlth   ++++++       T - ring of the Shining Light {*Slow Fly rC+ Will+ Str+5}
HPRegen 2.76/turn    B - +6 ring of strength
MPRegen 0.19/turn

%: slow self (1%)
@: confusing by touch, flying, very slow
A: permanent stasis, dig shafts and tunnels, antennae 3, four strong arms
a: Dig, Renounce Religion, Bend Time, Temporal Distortion, Slouch, Step From
Time


You were in a Gauntlet.
You worshipped Cheibriados.
Cheibriados was exalted by your worship.
You visited 3 branches of the dungeon, and saw 15 of its levels.
You also visited: Ossuary, Bailey and Gauntlet.

You collected 877 gold pieces.
You spent 725 gold pieces at shops.

Inventory:

Hand Weapons
 a - a +4 dagger (weapon)
 b - a +0 short sword of venom
 w - a +0 dagger of venom
 M - a +7 antimagic broad axe
Missiles
 e - 48 poisoned darts (quivered)
 k - 3 throwing nets
 o - 9 curare-tipped darts
Armour
 i - a +0 cloak (worn)
 p - a +0 buckler (worn)
 s - the +0 pair of boots "Quhux" (worn) {Regen+}
   (You bought it in a shop on level 5 of the Dungeon)

   Regen:     It increases your rate of health regeneration.
 K - a +0 troll leather armour (worn)
 V - a +2 pair of gloves of dexterity (worn)
Jewellery
 j - a ring of wizardry
 B - a +6 ring of strength (right hand)
 J - a ring of resist corrosion
 O - an amulet of magic regeneration
 Q - a ring of willpower
 T - the ring of the Shining Light (left hand) {*Slow Fly rC+ Will+ Str+5}
   (You found it in a Gauntlet)

   [ring of protection from cold]

   Str:       It affects your strength (+5).
   rC:        It protects you from cold.
   Fly:       It grants you flight.
   *Slow:     It may slow you when you take damage.
   Will:      It increases your willpower.
 U - the amulet of Starshine (around neck) {rElec rC+ Regen+}
   (You found it in a Gauntlet)

   [amulet of regeneration]

   rC:        It protects you from cold.
   rElec:     It insulates you from electricity.
   Regen:     It increases your rate of health regeneration.
 W - the ring "Plog" {+Blink Fly rElec rF- MP+9}
   (You found it in a Gauntlet)

   [ring of flight]

   rF:        It makes you vulnerable to fire.
   rElec:     It insulates you from electricity.
   MP:        It affects your magic capacity (+9).
   Fly:       It grants you flight.
   +Blink:    It lets you blink.
Wands
 g - a wand of flame (20)
 l - a wand of mindburst (5)
 q - a wand of polymorph (26)
 P - a wand of iceblast (3)
 R - a wand of acid (4)
Scrolls
 d - 5 scrolls of enchant armour
 f - a scroll of silence
 h - 2 scrolls of fog
 m - 3 scrolls of amnesia
 n - 2 scrolls of fear
 y - 3 scrolls of poison
 F - 5 scrolls of summoning
 G - a scroll of torment
 H - 7 scrolls of enchant weapon
 I - 4 scrolls of vulnerability
 S - a scroll of brand weapon {unknown}
Potions
 c - 4 potions of invisibility
 r - a potion of heal wounds
 t - 2 potions of brilliance
 u - 4 potions of mutation
 v - 3 potions of resistance
 x - 7 potions of might
 z - a potion of magic
 A - 5 potions of curing
 C - 2 potions of lignification {unknown}
 D - 2 potions of berserk rage {unknown}
 E - 4 potions of flight
 L - a potion of ambrosia {unknown}
 N - a potion of attraction {unknown}


   Skills:
 + Level 9.1 Fighting
 + Level 7.1 Short Blades
 + Level 4.8 Armour
 - Level 1.7 Dodging
 + Level 11.4 Stealth
 - Level 5.0 Shields
 + Level 8.7 Spellcasting
 * Level 14.3 Hexes
 + Level 2.8 Transmutations
 - Level 3.0 Ice Magic
 + Level 4.2 Invocations


You had 16 spell levels left.
You knew the following spells:

 Your Spells              Type           Power      Damage    Failure   Level
a - Ensorcelled Hibernat  Hex/Ice        100%       N/A       1%          2
b - Confusing Touch       Hex            86%        N/A       1%          3
c - Tukima's Dance        Hex            86%        N/A       1%          3
d - Yara's Violent Unrav  Hex/Tmut       33%        3d14      2%          5

Your spell library contained the following spells:

 Spells                   Type           Power      Damage    Failure   Level
 Beastly Appendage        Tmut           70%        N/A       1%          1
 Dazzling Flash           Conj/Hex       100%       N/A       1%          3
 Kiss of Death            Conj/Necr      60%        2d10      3%          1
 Shock                    Conj/Air       60%        1d6       3%          1
 Lesser Beckoning         Tloc           30%        N/A       4%          2
 Momentum Strike          Conj/Tloc      30%        3d8       4%          2
 Ignite Poison            Fire/Tmut/Pois 22%        N/A       7%          3
 Teleport Other           Tloc           15%        N/A       10%         3
 Volatile Blastmotes      Fire/Tloc      30%        2d12      10%         3
 Airstrike                Air            7%         2d(2-18)  32%         4
 Dispel Undead            Necr           15%        3d10      32%         4
 Manifold Assault         Tloc           15%        N/A       32%         4
 Passage of Golubria      Tloc           15%        N/A       32%         4
 Irradiate                Conj/Tmut      12%        3d15      45%         5
 Blink                    Tloc           Unusable   N/A       N/A         2
 Swiftness                Air            Unusable   N/A       N/A         3

Dungeon Overview and Level Annotations

Branches:
Dungeon (12/15)            Temple (1/1) D:6            Lair (2/5) D:8
 Shoals (0/4) Lair:2      Ossuary (visited)          Bailey (visited)
Gauntlet (1/1)
  Snake: Lair:2-3    Spider: Lair:2-3       Orc: D:9-12

Altars:
Ashenzari
Cheibriados
Dithmenos
Elyvilon
Fedhas
Gozag
Hepliaklqana
Kikubaaqudgha
Makhleb
Nemelex Xobeh
Okawaru
Qazlal
Ru
Sif Muna
Trog
Uskayaw
Vehumet
Wu Jian
Xom
Yredelemnul
Zin
The Shining One

Shops:
D:5 [   D:6 (   D:8 ?   D:9 *   D:11 *

Annotations:
D:8 1 runed translucent door, Nattefrost's ghost, novice MfBe
D:9 exclusion: door
Lair:2 1 transporter Gauntlet 4 transporters


Innate Abilities, Weirdness & Mutations

You cannot be hasted, slowed, berserked, paralysed or teleported.
You can dig through walls and to a lower floor.
You have a pair of large antennae on your head. (SInv)
Your four strong arms can wield two-handed weapons with a shield.


Message History

You enter the transporter and appear at another place.
A minotaur comes into view.
It is wielding a +0 quarterstaff of speed and wearing a +0 chain mail of willpower.
Casting: Confusing Touch (safe; 1% risk of failure)
Confirm with . or Enter, or press ? or * to list all spells.
Your hands begin to glow red.
Your hands stop glowing.
Found the +2 shield of Resistance {rF++ rC++ Will++}.
Found a gate leading back out of this place.
You catch the helpless minotaur completely off-guard!
You impale the minotaur!!
The minotaur is heavily wounded.
Casting: Confusing Touch (safe; 1% risk of failure)
Confirm with . or Enter, or press ? or * to list all spells.
Your hands begin to glow red.
The minotaur hits you with a +0 quarterstaff of speed!!
You block the minotaur's attack. x2; The minotaur gores you.
You barely miss the minotaur.
The minotaur furiously retaliates!
The minotaur headbutts you.
The minotaur is heavily wounded.
You block the minotaur's attack. The minotaur closely misses you.
You hit the minotaur but do no damage.
The minotaur is heavily wounded.
The minotaur hits you with a +0 quarterstaff of speed!!
The minotaur misses you.
You barely miss the minotaur.
The minotaur furiously retaliates!
The minotaur headbutts you!
* * * LOW HITPOINT WARNING * * *
The minotaur is moderately wounded.
The minotaur hits you with a +0 quarterstaff of speed!
* * * LOW HITPOINT WARNING * * *
You block the minotaur's attack.
You hit the minotaur but do no damage.
The minotaur is moderately wounded.
The minotaur barely misses you. The minotaur completely misses you.
You hit the minotaur but do no damage.
The minotaur is moderately wounded.
The minotaur hits you with a +0 quarterstaff of speed!!
* * * LOW HITPOINT WARNING * * *
The minotaur gores you!
You die...

#...©#..#...##.# ... ##
.#...#..#.8....##.# ..
..#..#..#...##....##.#
...#.#..#.8.##.# ...
....##..#......##.#
######..#...##....#
.......≈#.©.##.##.######
.......∩#......##.'...∩#
.......≈#.©.##..@.###
######..#...##.##H...#
...^.#..#......# .##....
.^##.#..#.8.##.. .# ##.
.#.#[#..#...##.# ..
y##..#..#.8....# .# {^
y©#..# #.. .# .##.?#..#
## ## .#.#}#..#


You could see a minotaur.

Vanquished Creatures
  Josephine (D:11)
  Harold (D:11)
  A boulder beetle (D:8)
  Pikel (D:8)
  A necromancer (D:9)
  5 elephants (Gauntlet)
  A cyclops (D:11)
  2 torpor snails
  A gargoyle (D:11)
  A cane toad (Lair:1)
  3 komodo dragons
  An ice devil (Gauntlet)
  2 trolls
  A queen bee (Gauntlet)
  2 hornets
  5 blink frogs (Lair:1)
  Sigmund (D:2)
  A shadow (D:9)
  A ynoxinul (Gauntlet)
  30 yaks
  Eustachio (D:6)
  3 wraiths (D:11)
  A vampire (D:11)
  Menkaure (Ossuary)
  An acid dragon (D:8)
  4 water moccasins
  A hornet zombie (D:5)
  6 orc warriors
  3 sky beasts
  2 black bears (D:8)
  6 centaurs
  3 wolves (Lair:1)
  4 kobold brigands
  A lemure (D:8)
  2 phantoms (D:5)
  Blork the orc (D:6)
  10 bullfrogs
  4 scorpions
  A water moccasin zombie (D:5)
  13 wights
  17 killer bees
  2 howler monkeys (D:9)
  A jelly (D:8)
  2 bullfrog zombies (D:5)
  4 orc priests
  A bullfrog skeleton (D:5)
  A centaur zombie (D:5)
  2 hounds
  2 sleepcaps
  3 iron imps (Gauntlet)
  2 iguanas (D:5)
  A scorpion zombie (D:5)
  6 orc wizards
  A polar bear simulacrum (D:9)
  A wolf simulacrum (D:9)
  A hound zombie (D:5)
  A hound skeleton (D:5)
  3 mummies (Ossuary)
  12 gnolls
  A howler monkey skeleton (D:5)
  8 adders
  6 white imps
  An ufetubus (D:6)
  An adder skeleton (D:5)
  A dart slug (D:2)
  28 orcs
  6 endoplasms
  7 giant cockroaches
  4 gnoll zombies (Ossuary)
  10 goblins
  5 hobgoblins
  7 jackals
  5 quokkas
  7 ball pythons
  9 bats
  6 frilled lizards
  4 gnoll skeletons (Ossuary)
  2 goblin skeletons (Ossuary)
  4 goblin zombies (Ossuary)
  6 hobgoblin skeletons (Ossuary)
  2 hobgoblin zombies (Ossuary)
  29 kobolds
  4 kobold skeletons (Ossuary)
  8 kobold zombies (Ossuary)
  6 orc skeletons (Ossuary)
  4 orc zombies (Ossuary)
  6 rats
  3 rat skeletons (Ossuary)
  3 rat zombies (Ossuary)
386 creatures vanquished.

Vanquished Creatures (collateral kills)
  A two-headed ogre (D:11)
  6 orc warriors
  A gnoll sergeant (D:8)
  10 wights
  A gnoll (D:2)
  21 orcs
40 creatures vanquished.

Vanquished Creatures (others)
  11 dancing weapons
  41 fungi
  64 plants
116 creatures vanquished.

Grand Total: 542 creatures vanquished

Notes
Turn   | Place    | Note
-------+----------+-------------------------------------------
     0 | D:1      | qborf the Formicid Enchanter began the quest for the Orb.
     0 | D:1      | Reached XP level 1. HP: 13/13 MP: 3/3
   107 | D:1      | Reached XP level 2. HP: 18/19 MP: 5/5
   369 | D:1      | Reached skill level 4 in Hexes
   378 | D:1      | Reached skill level 1 in Ice Magic
   384 | D:1      | Reached XP level 3. HP: 22/25 MP: 6/6
   404 | D:1      | Learned a level 2 spell: Ensorcelled Hibernation
   408 | D:1      | Learned a level 3 spell: Confusing Touch
  1236 | D:2      | Reached XP level 4. HP: 31/31 MP: 4/7
  1274 | D:2      | Learned a level 3 spell: Tukima's Dance
  1396 | D:1      | Reached skill level 1 in Fighting
  1836 | D:2      | You fall into a shaft and drop 2 floors!
  2414 | D:2      | Reached XP level 5. HP: 37/37 MP: 3/9
  2581 | D:2      | Noticed Sigmund
  3314 | D:2      | Killed Sigmund
  3315 | D:2      | Reached skill level 1 in Shields
  3315 | D:2      | Reached skill level 5 in Hexes
  3315 | D:2      | Reached XP level 6. HP: 44/44 MP: 1/10
  4654 | D:4      | Got the Treatise on Direction
  4670 | D:4      | Reached XP level 7. HP: 50/50 MP: 11/11
  5269 | D:5      | Entered Level 5 of the Dungeon
  5407 | D:5      | Reached skill level 5 in Stealth
  5407 | D:5      | Reached skill level 6 in Hexes
  5473 | D:5      | Found a glowing golden altar of the Shining One.
  5473 | D:5      | Found an ornate altar of the Wu Jian Council.
  5473 | D:5      | Found a bloodstained altar of Trog.
  5524 | D:5      | Reached XP level 8. HP: 48/57 MP: 6/13
  5598 | D:5      | Found Juezeid's Armour Boutique.
  5604 | D:5      | Bought the +0 pair of boots "Quhux" {Regen+} for 149 gold
                  | pieces
  5655 | D:5      | Found a sacrificial altar of Ru.
  6021 | D:5      | Identified the +1 dagger "Seb Jaff" {antimagic, +Blink
                  | rElec Int+2 Dex-5}
  6085 | D:5      | Reached skill level 7 in Hexes
  6423 | D:4      | Reached XP level 9. HP: 52/65 MP: 5/15
  6780 | D:6      | Noticed Blork the orc
  6787 | D:6      | Killed Blork the orc
  6871 | D:6      | Found a hazy altar of Hepliaklqana.
  6963 | D:6      | Found Atoliun's Weapon Emporium.
  7007 | D:6      | Noticed Eustachio
  7012 | D:6      | Found a staircase to the Ecumenical Temple.
  7039 | D:6      | Killed Eustachio
  7065 | Temple   | Entered the Ecumenical Temple
  7218 | Temple   | Became a worshipper of Cheibriados the Contemplative
  7292 | D:6      | Reached skill level 8 in Hexes
  8022 | D:7      | Found a sand-covered staircase.
  8036 | Ossuary  | Entered an ossuary
  8209 | Ossuary  | Reached * piety under Cheibriados
  8607 | Ossuary  | Reached ** piety under Cheibriados
  8703 | Ossuary  | Reached skill level 5 in Shields
  8826 | Ossuary  | Noticed Menkaure
  8850 | Ossuary  | Killed Menkaure
  8926 | Ossuary  | Reached skill level 5 in Spellcasting
  9445 | D:7      | Reached skill level 5 in Fighting
  9496 | D:7      | Reached skill level 9 in Hexes
  9564 | D:7      | Reached XP level 10. HP: 71/74 MP: 10/18
  9678 | D:7      | Reached *** piety under Cheibriados
  9703 | D:7      | Reached skill level 5 in Short Blades
 10405 | D:8      | Reached skill level 10 in Hexes
 10405 | D:8      | Found Cudol's Magic Scroll Shoppe.
 10495 | D:8      | Found a runed translucent door.
 10500 | D:8      | Noticed Nattefrost's ghost (novice MfBe)
 10545 | D:8      | Found a staircase to the Lair.
 10584 | D:8      | Found a flagged portal.
 10588 | D:8      | Reached **** piety under Cheibriados
 10644 | Bailey   | Entered a bailey
 11642 | D:8      | Noticed a boulder beetle
 11646 | D:8      | Killed a boulder beetle
 11646 | D:8      | Reached ***** piety under Cheibriados
 11647 | D:8      | Reached skill level 11 in Hexes
 11647 | D:8      | Reached XP level 11. HP: 83/83 MP: 17/20
 11774 | D:8      | Noticed Pikel
 11798 | D:8      | Killed Pikel
 11992 | D:8      | Reached skill level 12 in Hexes
 13177 | D:9      | Noticed a necromancer
 13195 | D:9      | Killed a necromancer
 13219 | D:9      | Reached skill level 1 in Armour
 13356 | D:9      | Identified the +0 spear of Fury {spect, rF+}
 13395 | D:9      | Found Xoutas's Assorted Antiques.
 13605 | D:10     | Entered Level 10 of the Dungeon
 13683 | D:10     | Reached skill level 10 in Stealth
 13906 | D:10     | Found an iron altar of Okawaru.
 14057 | D:10     | Reached XP level 12. HP: 77/92 MP: 14/23
 14507 | D:11     | Reached skill level 13 in Hexes
 14674 | D:11     | Noticed Harold
 14951 | D:11     | Noticed a two-headed ogre
 14958 | D:11     | Killed a two-headed ogre
 14959 | D:11     | Reached skill level 1 in Invocations
 15016 | D:11     | Killed Harold
 15165 | D:11     | Found Lekhloma's Changing Room.
 15166 | D:11     | Noticed Josephine
 15218 | D:11     | Killed Josephine
 15365 | D:11     | Reached ****** piety under Cheibriados
 15640 | D:11     | Bought Umaidol's Guidebook on Shaping for 576 gold pieces
 15646 | D:11     | Learned a level 5 spell: Yara's Violent Unravelling
 15787 | Lair:1   | Entered Level 1 of the Lair of Beasts
 15838 | Lair:1   | Reached skill level 1 in Transmutations
 16061 | Lair:1   | Reached skill level 14 in Hexes
 16061 | Lair:1   | Reached XP level 13. HP: 100/100 MP: 8/25
 16690 | Lair:2   | Found a staircase to the Shoals.
 16705 | Lair:2   | Found a transporter.
 16708 | Lair:2   | Found a gate leading to a gauntlet.
 16717 | Gauntlet | Entered a Gauntlet
 16717 | Gauntlet | Found a transporter.
 16717 | Gauntlet | Found a transporter.
 16717 | Gauntlet | Found a transporter.
 16718 | Gauntlet | Found a transporter.
 16732 | Gauntlet | Found a transporter.
 16753 | Gauntlet | Found a transporter.
 16775 | Gauntlet | Found a transporter.
 16793 | Gauntlet | Found a transporter.
 16801 | Gauntlet | Found a transporter.
 16818 | Gauntlet | Found a transporter.
 16860 | Gauntlet | Found a transporter.
 16870 | Gauntlet | Found a transporter.
 16989 | Gauntlet | Identified the ring of the Shining Light {*Slow Fly rC+
                  | Will+ Str+5}
 17027 | Gauntlet | Identified the amulet of Starshine {rElec rC+ Regen+}
 17232 | Gauntlet | Identified the ring "Plog" {+Blink Fly rElec rF- MP+9}
 17311 | Gauntlet | Noticed a minotaur
 17321 | Gauntlet | Found the +2 shield of Resistance {rF++ rC++ Will++}
 17329 | Gauntlet | HP: 3/101 [minotaur/+0 quarterstaff of speed (21)]
 17329 | Gauntlet | Slain by a minotaur

Illustrated notes

Levels and vault maps discovered:
D:1:      erik_arrival_cave_to_civilisation [erik_arrival_cave_to_hall],
          layout_basic, minmay_domino_2
D:2:      layout_loops_ring, chequers_garden, uniq_sigmund
D:3:      layout_loops_ring
D:4:      layout_basic
D:5:      lemuel_ice_spiral_2, layout_rooms, nicolae_overflow_crystal_walls,
          gammafunk_temple_overflow_claw, serial_undead, serial_undead_e,
          serial_undead_c, serial_undead_f, serial_undead_c, serial_undead_e,
          serial_undead_b, serial_undead_d, serial_undead_d, serial_shops, shop,
          hangedman_decor_riveting, kennysheep_generic_room_4
D:6:      layout_basic, amcnicky_altar_gilded, temple_doors_e, serial_shops,
          shop, minmay_diced_spiral, uniq_blork_the_orc, uniq_eustachio
D:7:      layout_loops_ring, chequers_ossuary_entry_cave, serial_glass,
          glass_columns_a, glass_columns_a, glass_columns_a, glass_columns_b,
          glass_columns_c, glass_columns_a, glass_columns_b, glass_columns_a
D:8:      layout_basic, due_lair_maze_entry_diamond, serial_shops, shop_scrolls,
          ebering_ghost_reflecting_pool, enter_bailey_3, st_stairs_8, uniq_pikel
D:9:      layout_gridville, serial_shops, nicolae_shop_tiny_waterfront,
          eino_house_with_fridge
D:10:     layout_loops_ring, overflow_temple_1_default
D:11:     layout_gridville, serial_rivers, chequers_serial_rivers_room_b,
          chequers_serial_rivers_small_3, chequers_serial_rivers_large_b,
          chequers_serial_rivers_micro_e, chequers_serial_rivers_micro_a,
          chequers_serial_rivers_small_b, nicolae_transmutations_shop,
          uniq_harold, uniq_josephine
D:12:     layout_irregular_city, hiddenorc1_lemuel, minivault_21, uniq_maurice
Temple:   nicolae_temple_elliptical
Lair:1:   layout_cave_pods
Lair:2:   gammafunk_cloud_chamber, layout_regular_city,
          minmay_shoals_entry_beasts, gauntlet_entry_generic,
          infiniplex_staircase_pool, uniq_nergalle, uniq_gastronok
Gauntlet: gammafunk_gauntlet_shortcut [gammafunk_gauntlet_arena_crates,
          gammafunk_gauntlet_arena_corners, nicolae_gauntlet_arena_flowing_pool,
          nicolae_gauntlet_arena_t_cross, nicolae_gauntlet_swirl,
          nicolae_gauntlet_arena_x, gauntlet_exit_green]

Skill      XL: |  1  2  3  4  5  6  7  8  9 10 11 12 13 |
---------------+----------------------------------------+-----
Hexes          | 4 5 6 7 9 11 12 14 | 14.3
Ice Magic      | 1 2 3 |  3.0
Fighting       | 1 2 3 5 6 7 8 9 |  9.1
Stealth        | 4 5 6 7 8 10 11 | 11.4
Spellcasting   | 3 4 5 6 7 8 |  8.7
Short Blades   | 2 3 4 6 7 |  7.1
Shields        | 1 2 4 5 |  5.0
Armour         | 1 4 |  4.8
Invocations    | 3 4 |  4.2
Transmutations | 1 2 |  2.8
Dodging        | |  1.7

Action                     |  1- 3 |  4- 6 |  7- 9 | 10-12 | 13-15 || total
---------------------------+-------+-------+-------+-------+-------++-------
  Melee: Dagger            |   130 |   138 |   451 |   341 |   110 ||  1170
  Throw: Dart              |       |       |     2 |     5 |     6 ||    13
   Cast: Ensorcelled Hiber |    10 |    52 |    52 |   145 |     6 ||   265
         Confusing Touch   |       |     8 |    63 |    40 |    24 ||   135
         Tukima's Dance    |       |    10 |    11 |    52 |       ||    73
Ability: Dig               |       |       |     3 |     1 |       ||     4
    Use: Potion            |       |     1 |     3 |     1 |       ||     5
         Scroll            |       |       |    10 |     7 |     3 ||    20
   Stab: Sleeping          |    16 |    32 |    48 |   100 |     6 ||   202
         Confused          |       |     1 |    35 |    25 |    20 ||    81
         Distracted        |       |       |     1 |     3 |     1 ||     5
 Armour: Robe              |    23 |    12 |    63 |    18 |       ||   116
         Troll leather arm |       |       |       |    41 |    29 ||    70
  Dodge: Dodged            |    84 |    59 |   175 |   169 |    71 ||   558
  Block: Buckler           |       |    18 |    84 |    95 |    35 ||   232
